 Dungeon Crawl Stone Soup version 0.17.0-56-gd8de76c (webtiles) character file.

2360 dvd the Protected (level 9, -3/69 HPs)
             Began as a Formicid Fighter on Dec 5, 2015.
             Was a Follower of Qazlal.
             Shot with a bolt by an orc warrior (10 damage)
             ... in a bailey on Dec 6, 2015.
             The game lasted 00:28:37 (7085 turns).

dvd the Protected (Formicid Fighter)                Turns: 7085, Time: 00:28:37

Health: -3/69      AC: 14    Str: 29      XL:     9   Next: 72%
Magic:  9/9        EV:  7    Int:  7      God:    Qazlal [*.....]
Gold:   1160       SH: 14    Dex: 13 (14) Spells: 0 memorised, 8 levels left

rFire  . . .     SeeInvis +     a - +2 broad axe (freeze)
rCold  . . .     Clarity  .     n - +0 plate armour
rNeg   . . .     SustAt   .     c - +1 shield
rPois  .         Gourm    .     (helmet unavailable)
rElec  .         Spirit   .     (no cloak)
rCorr  .         Warding  .     (no gloves)
rMut   .         Stasis   +     m - +0 pair of boots
MR     .....                    (no amulet)
Stlth  ..........               i - ring of stealth
                                C - +3 ring of dexterity

@: mighty, drained, not resistant to hostile enchantments, extremely unstealthy
A: permanent stasis, dig shafts and tunnels, four strong arms, antennae 3
a: Dig, Shaft Self, Renounce Religion


You were in a bailey.
You worshipped Qazlal.
Qazlal was aware of your devotion.
You were full.

You visited 2 branches of the dungeon, and saw 8 of its levels.
You also visited: Bailey.

You collected 1260 gold pieces.
You spent 100 gold pieces at shops.

Inventory:

Hand Weapons
 a - a +2 broad axe of freezing (weapon)
 o - a +2 dagger of draining
 s - a +2 greatsling of flaming
 t - a -2 arbalest
 A - a +0 broad axe
 F - a +0 dire flail
Missiles
 l - 85 bolts
Armour
 b - a +0 scale mail
 c - a +1 shield (worn)
 m - a +0 pair of boots (worn)
 n - a +0 plate armour (worn)
Magical Staves
 p - an uncursed staff of cold
Jewellery
 i - a ring of stealth (right hand)
 y - an uncursed amulet of faith
 C - a +3 ring of dexterity (left hand)
Wands
 k - a wand of slowing (25)
 w - a wand of paralysis (10)
Scrolls
 h - 4 scrolls of identify
 u - 3 scrolls of remove curse
 v - 3 scrolls of recharging
 E - 2 scrolls of amnesia
Potions
 j - 2 potions of curing
 B - a potion of agility {unknown}
Books
 G - a book of Air

   Spells                             Type                      Level
   a - Shock                          Conjuration/Air              1
   b - Swiftness                      Charms/Air                   2
   c - Repel Missiles                 Charms/Air                   2
   d - Static Discharge               Conjuration/Air              3
   e - Lightning Bolt                 Conjuration/Air              5
 J - the Handbook of Venomous Attacks
   (You found it on level 6 of the Dungeon)

   Spells                             Type                      Level
   a - Sting                          Conjuration/Poison           1
   b - Dazzling Spray                 Conjuration/Hexes            3
   c - Bolt of Draining               Conjuration/Necromancy       5
   d - Poisonous Cloud                Conjuration/Poison/Air       6
Comestibles
 e - 5 bread rations
 f - 4 beef jerkies
 g - 3 royal jellies
 q - 8 fruits
 r - 3 meat rations


   Skills:
 + Level 6.3(5.8) Fighting
 * Level 7.7(7.2) Axes
 * Level 8.3(7.8) Armour
 + Level 1.3(0.9) Dodging
 + Level 0.6(0.2) Stealth
 + Level 6.4(5.9) Shields
 + Level 0.2(0.0) Evocations


You had 8 spell levels left.
You didn't know any spells.

Dungeon Overview and Level Annotations

Branches:
Dungeon (7/15)             Temple (1/1) D:6

Altars:
Ashenzari
Cheibriados
Dithmenos
Elyvilon
Fedhas
Kikubaaqudgha
Makhleb
Okawaru
Qazlal
Ru
Sif Muna
Trog
Vehumet
Xom
Yredelemnul
Zin
The Shining One

Shops:
D:4 !!(?*(


Innate Abilities, Weirdness & Mutations

You are under a permanent stasis effect.
You can dig through walls and to a lower floor.
Your four strong arms can wield two-handed weapons with a shield.
You have a pair of large antennae on your head (SInv).


Message History

Drink which item? (? for menu, Esc to quit)
You feel better.
The orc warrior shoots a bolt.
You block the bolt.
The orc warrior shoots a bolt.
You block the bolt.
You see here a bolt.
You open the door. 2 orc warriors come into view.
The orc warrior shouts!
The orc warrior shoots a bolt.
You block the bolt.
The orc knight roars a battlecry!
The orc warrior goes into a battle-frenzy!
Found a faintly humming chain mail.
Drink which item? (? for menu, Esc to quit)
You feel very mighty all of a sudden.
The orc warrior shoots a bolt.
You block the bolt.
You hear a shout!
An orc knight comes into view. It is wielding a glaive.
The orc warrior shoots a bolt.
The bolt hits you!!
* * * LOW HITPOINT WARNING * * *
The orc warrior shoots a bolt.
The bolt hits you!
You die...

## ### ##o#
#########∩######
#[..##.....##...##...
#...#..≈≈≈..#...#..≈≈
#...#.≈≈o≈≈.......≈≈o
#...@.≈ooo≈.......≈oo
#!.o#§≈≈o≈≈.(.....≈≈o
#(..#(.≈≈≈..#(!.#..≈≈
#o..##..(..##.∩.##(..
##.# #########∩######
## ###


You could see 2 orc knights, 4 orc warriors and 2 orcs.

Vanquished Creatures
  A wyvern (D:7)
  Duvessa (D:7)
  A sky beast (D:6)
  4 orc warriors
  An ice beast (D:5)
  A phantom (D:3)
  A centaur (D:5)
  3 ogres
  A giant frog (D:7)
  Blork the orc (D:5)
  Dowan (D:7)
  3 scorpions
  A centaur zombie (D:7)
  5 crimson imps
  A giant frog zombie (D:5)
  2 jellies (D:7)
  A hound (D:4)
  2 orc priests
  2 giant frog skeletons
  4 orc wizards
  A worker ant (D:4)
  A killer bee zombie (D:6)
  3 hound zombies
  A worker ant zombie (D:6)
  7 gnolls
  2 adders
  2 shadow imps
  3 adder skeletons
  3 worms
  7 giant geckos
  12 orcs
  9 hobgoblins
  6 jackals
  6 kobolds
  2 quokkas
  A ball python (D:1)
  8 bats
  5 giant cockroaches
  A giant gecko skeleton (D:4)
  A giant gecko zombie (D:5)
  5 giant newts
  7 goblins
  6 rats
136 creatures vanquished.

Notes
Turn   | Place    | Note
--------------------------------------------------------------
     0 | D:1      | dvd the Formicid Fighter began the quest for the Orb.
     0 | D:1      | Reached XP level 1. HP: 18/18 MP: 1/1
   160 | D:1      | Reached XP level 2. HP: 20/24 MP: 2/2
   684 | D:1      | Reached XP level 3. HP: 29/29 MP: 3/3
  1273 | D:2      | Reached skill level 4 in Shields
  1320 | D:2      | Reached XP level 4. HP: 29/37 MP: 4/4
  1853 | D:3      | Found an ancient bone altar of Kikubaaqudgha.
  1854 | D:3      | Found a radiant altar of Vehumet.
  1854 | D:3      | Found a shimmering altar of Xom.
  1858 | D:3      | Found a shattered altar of Ashenzari.
  2052 | D:3      | Found a glowing silver altar of Zin.
  2499 | D:3      | Reached XP level 5. HP: 38/42 MP: 5/5
  2578 | D:3      | Noticed a phantom
  2591 | D:3      | Killed a phantom
  2591 | D:3      | Reached XP level 6. HP: 42/48 MP: 6/6
  2787 | D:4      | Reached skill level 5 in Armour
  2950 | D:4      | Found Quwnuec's Weapon Boutique.
  3080 | D:4      | Reached XP level 7. HP: 26/55 MP: 7/7
  3177 | D:4      | Found Tibueq's Elemental Accessories.
  3282 | D:4      | Reached skill level 5 in Shields
  3575 | D:4      | Found Teluajut's Distillery.
  3580 | D:4      | Found Evyucam's Distillery.
  3646 | D:4      | Found Deriq's Magic Scroll Shoppe.
  3676 | D:4      | Reached skill level 6 in Armour
  3677 | D:4      | Found Fehiseh's Antique Weapon Emporium.
  3696 | D:4      | Bought a runed broad axe for 100 gold pieces
  3918 | D:5      | Entered Level 5 of the Dungeon
  4032 | D:5      | Reached skill level 5 in Axes
  4041 | D:5      | Reached XP level 8. HP: 61/61 MP: 8/8
  4261 | D:5      | Reached skill level 5 in Fighting
  4267 | D:5      | Noticed Blork the orc
  4275 | D:5      | Killed Blork the orc
  4275 | D:5      | Reached skill level 1 in Dodging
  4976 | D:3      | Found a glowing silver altar of Zin.
  5190 | D:6      | Found a staircase to the Ecumenical Temple.
  5195 | D:6      | Reached skill level 7 in Armour
  5256 | D:6      | Found a blossoming altar of Fedhas.
  5296 | Temple   | Entered the Ecumenical Temple
  5373 | Temple   | Became a worshipper of Qazlal Stormbringer
  5421 | D:6      | Reached XP level 9. HP: 66/69 MP: 9/9
  5607 | D:6      | Identified the Handbook of Venomous Attacks
  5701 | D:6      | Found a deep blue altar of Sif Muna.
  6378 | D:7      | Noticed Dowan
  6383 | D:7      | Noticed Duvessa
  6388 | D:7      | Killed Dowan
  6390 | D:7      | Killed Duvessa
  6398 | D:7      | Reached skill level 8 in Armour
  6574 | D:7      | Found a flagged portal.
  6581 | Bailey   | Entered a bailey
  6581 | Bailey   | Noticed an orc knight
  6676 | Bailey   | Reached * piety under Qazlal
  7085 | Bailey   | Noticed an orc knight
  7085 | Bailey   | Shot with a bolt by an orc warrior

Action                   |  1- 3 |  4- 6 |  7- 9 || total
-------------------------+-------+-------+-------++-------
Melee: War axe           |   132 |   103 |    35 ||   270
       Broad axe         |       |       |   177 ||   177
 Abil: Dig               |       |     9 |     2 ||    11
Evoke: Wand              |       |       |     2 ||     2
  Use: Scroll            |       |     9 |     5 ||    14
       Potion            |       |     1 |    10 ||    11
 Stab: Paralysed         |       |       |     1 ||     1
  Eat: Chunk             |     2 |     6 |    11 ||    19
       Meat ration       |       |       |     1 ||     1
       Pizza             |       |       |     1 ||     1
